Map: King's Cove LE

Players

Lawiez

  • Race: Zerg Zerg
  • League: Gold
  • Spawn Location: 5:00

TiPtOP - Winner!

  • Race: Terran Terran
  • League: Silver
  • Spawn Location: 11:00

VOD

Have the link to the VOD?

Description

Time

  • Played on: Aug. 19, 2019, 10:45 a.m.
  • Length: 70:48
Show
View Real Time Build Order
Export as new Build Order

Lawiez Zerg 

Build Orders: Hatch First, Lurkers 

Get SALT Encoding   

  12  0:01  Drone  
  13  0:13  Overlord  
  13  0:18  Drone  
  14  0:32  Drone x2  
  17  0:35  Drone  
  17  0:56  Hatchery  
  16  1:00  Drone  
  16  1:02  Drone  
  18  1:07  Extractor  
  17  1:20  Spawning Pool  
  17  1:22  Drone  
  17  1:26  Drone  
  17  1:32  Drone  
  19  1:40  Drone  
  20  1:50  Overlord  
  20  2:01  Extractor  
  19  2:02  Drone  
  19  2:08  Queen x2  
  20  2:12  Drone  
  25  2:15  Drone  
  27  2:24  Metabolic Boost  
  27  2:25  Drone  
  27  2:28  Drone  
  29  2:37  Overlord  
  29  2:41  Drone x2  
  31  2:44  Drone  
  32  2:53  Spore Crawler  
  32  2:55  Spore Crawler  
  32  2:56  Drone  
  32  2:57  Drone  
  32  3:08  Drone  
  32  3:09  Drone  
  34  3:18  Drone x3  
  34  3:19  Drone x4  
  41  3:32  Drone x2  
  41  3:33  Overlord  
  42  3:44  Lair  
  42  3:50  Extractor x2  
  42  3:52  Extractor  
  42  3:54  Drone x2  
  41  3:56  Drone x2  
  43  4:10  Hatchery  
  43  4:14  Overlord  
  42  4:17  Overlord  
  42  4:19  Drone x2  
  42  4:20  Drone  
  42  4:21  Drone  
  42  4:22  Drone x2  
  48  4:24  Queen  
  48  4:26  Overlord  
  48  4:28  Overlord  
  50  4:40  Drone x2  
  50  4:41  Drone x2  
  54  4:54  Drone x2, Hydralisk Den  
  54  4:55  Roach Warren  
  54  4:56  Drone x3  
  58  5:00  Drone  
  58  5:01  Queen  
  61  5:14  Drone x4  
  61  5:16  Drone x4  
  68  5:23  Spire, Drone  
  68  5:26  Queen  
  70  5:37  Queen  
  70  5:39  Overlord x2  
  70  5:42  Overlord  
  72  5:45  Lurker Den  
  72  5:47  Drone x3  
  74  5:50  Grooved Spines  
  74  5:53  Extractor  
  74  5:55  Glial Reconstitution, Extractor  
  72  6:00  Drone  
  73  6:09  Drone x2  
  75  6:15  Overlord x3  
  75  6:16  Overseer  
  75  6:17  Hatchery  
  74  6:18  Pneumatized Carapace  
  74  6:32  Spore Crawler  
  74  6:33  Drone x2, Spore Crawler  
  74  6:34  Drone  
  74  6:35  Drone  
  76  6:50  Mutalisk x5  
  76  6:51  Mutalisk x2  
  76  6:52  Mutalisk x3  
  96  6:58  Mutalisk  
  96  7:00  Mutalisk  
  100  7:02  Drone x2, Muscular Augments  
  102  7:13  Lurker Den  
  101  7:19  Drone x3  
  104  7:28  Overlord x3  
  104  7:30  Hydralisk x5  
  104  7:31  Hydralisk  
  110  8:20  Drone x4  
  110  8:21  Drone  
  110  8:22  Drone x7  
  110  8:23  Drone x5  
  110  8:25  Extractor  
  110  8:27  Extractor  
  125  8:39  Evolution Chamber  
  125  8:40  Evolution Chamber  
  123  8:42  Evolution Chamber  
  123  8:45  Infestation Pit  
  121  8:49  Hatchery x2  
  121  8:50  Roach x2  
  121  8:51  Roach x2  
  128  8:55  Lurker  
  128  8:56  Lurker x5  
  128  9:01  Drone x3  
  136  9:06  Spore Crawler  
  136  9:07  Spore Crawler  
  136  9:08  Drone x5, Spine Crawler  
  136  9:09  Drone x4, Spine Crawler  
  142  9:10  Drone x2, Hydralisk x2  
  142  9:15  Roach  
  149  9:30  Spine Crawler  
  149  9:31  Spine Crawler  
  147  9:45  Roach  
  146  9:46  Roach x5  
  146  9:47  Roach x4  
  143  10:18  Hydralisk, Spore Crawler  
  143  10:19  Hydralisk x8, Spore Crawler  
  159  10:35  Zerg Melee Weapons Level 1  
  159  10:36  Zerg Ground Armor Level 1, Zerg Missile Weapons Level 1  
  159  10:37  Hive, Zerg Flyer Weapons Level 1  
  159  10:40  Spire, Pathogen Glands  
  158  10:50  Hydralisk x4  
  158  10:51  Hydralisk x6  
  158  10:52  Zergling x2  
  158  10:53  Zergling x2  
  180  10:57  Overlord x3, Baneling Nest  
  180  10:58  Overlord x2, Overseer  
  180  10:59  Overseer  
  179  11:16  Extractor  
  179  11:18  Hatchery  
  177  11:19  Extractor  
  177  11:22  Tunneling Claws  
  177  11:23  Burrow  
  176  11:37  Neural Parasite  
  176  11:56  Spine Crawler  
  176  11:58  Spine Crawler  
  174  12:08  Drone x10  
  176  12:09  Nydus Network  
  183  12:26  Overlord  
  183  12:31  Centrifical Hooks  
  183  12:34  Extractor  
  183  12:36  Drone  
  184  12:37  Drone x2  
  184  12:38  Hatchery, Extractor  
  184  12:41  Spine Crawler  
  182  12:44  Drone  
  182  12:45  Drone x6, Spine Crawler  
  182  12:46  Drone  
  182  12:50  Spine Crawler  
  188  12:51  Spore Crawler, Spine Crawler  
  188  12:57  Greater Spire, Zerg Flyer Armor Level 1  
  186  13:00  Zerg Ground Armor Level 2, Zerg Missile Weapons Level 2, Zerg Melee Weapons Level 2  
  186  13:01  Ultralisk Cavern  
  186  13:03  Zergling x2  
  186  13:04  Zergling x28  
  200  13:21  Nydus Network  
  199  13:46  Drone  
  200  13:54  Spine Crawler  
  200  13:55  Spine Crawler  
  174  13:56  Spine Crawler  
  174  13:57  Spine Crawler  
  172  14:06  Spore Crawler  
  172  14:08  Spore Crawler x2  
  172  14:09  Spore Crawler  
  168  14:10  Spore Crawler  
  168  14:15  Adrenal Glands  
  168  14:16  Adaptive Talons  
  167  14:17  Anabolic Synthesis  
  167  14:18  Ultralisk  
  167  14:19  Ultralisk x3  
  191  14:25  Drone x3  
  191  14:29  Drone  
  191  14:30  Drone x2  
  191  14:31  Drone x3  
  200  15:00  Chitinous Plating  
  200  15:02  Baneling  
  200  15:03  Baneling x9  
  200  16:23  Zerg Flyer Weapons Level 2, Zerg Flyer Armor Level 2  
  200  16:25  Zerg Melee Weapons Level 3, Zerg Ground Armor Level 3, Zerg Missile Weapons Level 3  
  200  17:04  Hatchery  
  199  17:09  Extractor  
  153  17:30  Ultralisk x2  
  153  17:31  Ultralisk x3  
  153  17:33  Ultralisk x2  
  153  17:34  Ultralisk, Roach  
  153  17:35  Roach x6  
  153  17:36  Hydralisk x3  
  199  17:37  Hydralisk  
  199  17:38  Hydralisk x3  
  199  17:43  Zergling x8  
  189  17:53  Overlord x4  
  189  17:54  Overseer x3  
  189  17:56  Corruptor x2  
  189  17:57  Corruptor  
  195  18:37  Brood Lord x2  
  200  19:24  Drone  
  200  19:43  Extractor  
  200  19:44  Hatchery  
  198  19:47  Extractor  
  185  20:19  Corruptor x4  
  185  20:20  Corruptor x2  
  197  20:21  Hydralisk  
  199  21:11  Zergling x2  
  190  22:29  Drone x2, Corruptor x2  
  186  22:30  Drone x3, Corruptor x2  
  186  22:34  Corruptor x3  
  198  22:44  Drone x3  
  196  22:45  Drone x2  
  199  23:40  Drone x16  
  196  24:13  Overlord  
  196  24:46  Spore Crawler x2  
  196  24:47  Spore Crawler  
  196  24:48  Drone x3  
  196  24:53  Spore Crawler  
  196  24:54  Spore Crawler  
  196  24:56  Spore Crawler  
  196  24:57  Drone x3  
  196  25:00  Corruptor  
  196  25:01  Corruptor  
  196  25:04  Drone x7  
  192  25:21  Corruptor x2  
  192  25:22  Corruptor x2  
  198  25:35  Lair  
  198  25:37  Zerg Flyer Armor Level 3, Zerg Flyer Weapons Level 3  
  198  26:21  Hatchery  
  197  27:37  Extractor  
  195  27:48  Corruptor x2  
  169  28:18  Corruptor x7  
  169  28:19  Corruptor x10  
  193  28:27  Corruptor  
  193  28:28  Corruptor x2  
  187  28:51  Ultralisk  
  187  28:52  Ultralisk x3  
  187  28:54  Hydralisk x3  
  199  30:14  Extractor  
  199  30:15  Hatchery  
  199  30:18  Extractor  
  196  31:11  Hatchery, Extractor  
  196  31:14  Extractor  
  193  31:41  Extractor  
  193  31:42  Hatchery, Extractor  
  190  31:49  Hatchery  
  190  31:51  Drone x2  
  190  31:54  Drone x3  
  193  31:56  Spore Crawler  
  193  31:58  Spore Crawler x2  
  191  32:46  Hydralisk x2, Roach x2  
  198  33:06  Drone  
  193  33:20  Drone x3, Spine Crawler  
  193  33:21  Spine Crawler  
  193  33:23  Spine Crawler  
  193  33:54  Extractor  
  192  33:56  Extractor  
  192  33:58  Drone x2  
  192  33:59  Drone x3  
  192  34:00  Drone  
  197  34:08  Drone x2  
  199  34:17  Spore Crawler  
  198  34:20  Overlord  
  198  34:21  Overlord  
  198  35:29  Spore Crawler  
  198  35:30  Spore Crawler  
  198  35:31  Spore Crawler x2, Spine Crawler x2  
  187  38:05  Drone  
  188  38:09  Drone x2  
  190  38:13  Spine Crawler  
  190  38:14  Spine Crawler  
  190  38:15  Spine Crawler  
  187  40:13  Zergling x6  
  187  40:14  Zergling x20  
  200  40:25  Nydus Canal x2  
  200  40:38  Overlord x2  
  141  42:09  Hydralisk  
  141  42:10  Hydralisk x23  
  141  42:12  Roach x5  
  199  43:40  Spine Crawler x2  
  197  43:41  Spine Crawler  
  197  43:42  Spine Crawler x2  
  197  43:43  Spine Crawler  
  197  43:44  Spine Crawler  
  197  43:45  Spine Crawler  
  191  43:57  Spore Crawler  
  191  43:59  Spore Crawler  
  191  44:00  Spore Crawler  
  191  44:02  Spore Crawler  
  187  44:03  Spore Crawler  
  186  44:16  Spore Crawler  
  185  44:24  Drone x5  
  163  44:25  Drone x6  
  163  44:26  Drone x5  
  153  44:31  Hydralisk  
  153  44:32  Hydralisk x22  
  131  46:10  Hydralisk  
  133  46:11  Hydralisk x14  
  133  46:12  Hydralisk x19  
  199  46:40  Spine Crawler  
  199  46:41  Spore Crawler  
  199  46:42  Spore Crawler  
  199  46:43  Spine Crawler  
  199  46:44  Spore Crawler  
  199  46:45  Spore Crawler  
  193  46:47  Spine Crawler  
  193  46:49  Spore Crawler  
  193  46:50  Spore Crawler x2  
  193  46:51  Spore Crawler x3  
  186  48:36  Hydralisk Den  
  186  48:38  Ultralisk Cavern  
  116  49:25  Zergling x12  
  116  49:26  Zergling x58  
  116  49:27  Zergling x6  
  116  49:28  Zergling x28  
  116  49:29  Zergling x48  
  192  49:31  Zergling x2  
  192  49:32  Zergling x14  
  200  50:35  Overlord x2  
  116  53:36  Brood Lord  
  116  53:37  Brood Lord x22  
  116  53:38  Corruptor x2  
  116  53:39  Corruptor x17  
  200  53:54  Hive  
  200  53:55  Greater Spire  
  200  54:12  Overlord  
  200  54:13  Overlord  
  196  55:59  Nydus Canal x2  
  196  56:13  Overlord  
  196  56:32  Spore Crawler x2  
  195  56:33  Spore Crawler x2  
  195  56:34  Spore Crawler x2, Spine Crawler  
  195  56:35  Spine Crawler x2  
  195  56:36  Spine Crawler  
  186  56:47  Spore Crawler x2  
  186  56:48  Spore Crawler  
  186  56:51  Spore Crawler  
  186  56:52  Spore Crawler  
  186  56:53  Spore Crawler x2  
  179  57:01  Spore Crawler  
  178  57:03  Spore Crawler  
  178  57:04  Spore Crawler  
  178  57:07  Spine Crawler x2  
  174  57:08  Spore Crawler  
  174  57:09  Spine Crawler  
  172  57:43  Spine Crawler  
  171  57:44  Spine Crawler  
  171  57:45  Spine Crawler  
  171  57:46  Spine Crawler  
  171  57:48  Spine Crawler x2  
  171  57:49  Spine Crawler  
  171  57:50  Spine Crawler  
  164  57:51  Spine Crawler  
  164  57:54  Spine Crawler  
  162  60:01  Spore Crawler x2  
  162  60:02  Spore Crawler x2  
  162  60:03  Spore Crawler  
  162  60:05  Spine Crawler  
  156  60:07  Spine Crawler  
  156  60:08  Drone x5, Spore Crawler x2, Spine Crawler  
  156  60:09  Drone x3, Spine Crawler  
  156  60:11  Spore Crawler  
  156  60:13  Drone x3  
  156  60:14  Drone x5  
  158  64:08  Roach x3  
  158  64:09  Roach x18  
  158  66:45  Roach  
  158  66:46  Roach x20  
  134  67:45  Roach x14  
  134  67:46  Roach x24  
  186  67:54  Roach  
  186  67:55  Roach x9  
  184  68:45  Roach  
  184  68:46  Roach x10  
  196  68:52  Roach x4  
  176  69:08  Roach  
  176  69:09  Roach x3  
  170  69:15  Roach x2  
  170  69:16  Roach x16  
  198  69:18  Roach  
  186  69:32  Roach x6  
  186  69:33  Roach x2  
  196  70:25  Roach x4  
  196  70:40  Ravager  
  196  70:41  Ravager x3  
Show
View Real Time Build Order
Export as new Build Order

TiPtOP Terran - Winner!

Build Orders: Mech 

Get SALT Encoding   

  12  0:01  SCV  
  13  0:13  SCV  
  14  0:22  Supply Depot  
  14  0:25  SCV  
  15  0:44  SCV  
  15  0:47  Barracks  
  16  0:56  SCV  
  17  1:01  Refinery  
  17  1:08  SCV  
  18  1:20  SCV  
  18  1:25  Supply Depot  
  19  1:39  Marine  
  20  1:45  Orbital Command  
  20  1:55  Command Center  
  20  2:06  Marine  
  21  2:12  Factory, SCV  
  22  2:22  Refinery  
  22  2:39  Bunker  
  22  2:52  Barracks Tech Lab  
  22  2:59  SCV  
  23  3:11  SCV  
  24  3:31  Supply Depot  
  24  3:33  SCV  
  25  3:46  SCV  
  26  3:51  Orbital Command  
  26  3:58  SCV  
  26  4:02  Siege Tank  
  30  4:07  Engineering Bay  
  30  4:10  SCV  
  31  4:22  SCV  
  32  4:26  SCV  
  33  4:33  Factory  
  33  4:34  SCV  
  34  4:40  Factory  
  34  4:45  Armory  
  34  4:47  SCV x2  
  34  4:50  Refinery  
  36  4:55  Refinery  
  36  4:59  Siege Tank, SCV  
  40  5:05  SCV  
  41  5:11  SCV  
  42  5:17  SCV  
  42  5:21  Command Center  
  43  5:22  Missile Turret  
  43  5:23  SCV  
  44  5:30  SCV  
  44  5:33  Supply Depot  
  46  5:35  SCV  
  46  5:36  Siege Tank  
  46  5:42  SCV  
  50  5:44  Factory Reactor, Factory Tech Lab  
  50  5:47  SCV  
  50  5:48  Terran Vehicle Weapons Level 1  
  51  5:54  SCV  
  52  5:59  SCV  
  53  6:06  SCV  
  53  6:11  Missile Turret  
  54  6:12  SCV  
  55  6:23  SCV  
  55  6:24  SCV  
  57  6:25  Supply Depot  
  57  6:27  Supply Depot  
  57  6:35  Orbital Command  
  57  6:38  Siege Tank, Thor  
  57  6:39  Hellion x2  
  70  6:50  Supply Depot  
  70  6:53  SCV x2  
  72  7:10  Thor  
  72  7:15  Hellbat x2  
  82  7:19  Orbital Command  
  82  7:21  Thor  
  88  7:33  Command Center  
  88  7:42  Factory  
  88  7:44  Factory  
  88  7:48  Armory  
  85  7:52  Thor  
  78  8:34  Orbital Command  
  78  9:04  Missile Turret  
  78  9:21  Factory Tech Lab  
  78  9:22  Thor x2  
  70  10:08  Thor x2  
  70  10:10  Hellbat x2  
  70  10:13  Orbital Command  
  74  10:26  Barracks Reactor  
  74  10:32  Hellbat  
  76  10:57  Thor x2, Hellbat x2  
  92  11:05  SCV x3  
  95  11:17  SCV  
  96  11:20  Hellbat  
  96  11:21  Hellion  
  100  11:28  Supply Depot x2  
  100  11:30  Supply Depot  
  100  11:31  Supply Depot x2  
  100  11:32  Supply Depot  
  100  11:36  Missile Turret  
  100  11:38  Missile Turret  
  100  11:46  Missile Turret  
  100  11:47  Missile Turret  
  100  11:50  Hellion, Hellbat x3  
  108  11:54  SCV  
  108  11:56  Missile Turret  
  108  12:00  Orbital Command  
  109  12:06  SCV  
  109  12:08  Missile Turret  
  110  12:09  Missile Turret  
  110  12:22  Hellion  
  110  12:30  Hellion  
  110  12:31  SCV  
  111  12:38  Thor x2  
  111  12:40  Hellbat x3  
  111  12:43  SCV  
  130  12:55  SCV  
  130  12:56  Infernal Pre-Igniter  
  130  12:58  Smart Servos  
  131  13:01  Thor  
  137  13:08  SCV  
  136  13:21  Thor  
  136  13:41  Thor  
  136  13:43  Hellbat x2  
  136  13:44  Thor  
  98  14:04  Thor, Hellbat x2  
  108  14:25  Hellbat x3  
  108  14:26  Thor  
  108  14:28  Refinery  
  108  14:30  Refinery  
  120  14:33  SCV x3  
  123  14:45  Thor  
  123  14:47  Siege Tank  
  123  14:51  Hellbat x2  
  136  15:10  Hellbat  
  136  15:12  Supply Depot  
  138  15:19  Siege Tank  
  141  15:29  Siege Tank  
  141  15:31  Siege Tank  
  141  15:35  Supply Depot  
  147  15:39  Starport  
  147  15:47  Starport  
  147  15:59  Supply Depot x2  
  147  16:00  Supply Depot  
  147  16:01  Supply Depot  
  147  16:40  Command Center, Starport Tech Lab x2  
  147  16:41  Fusion Core  
  147  16:55  Command Center  
  147  16:59  Hellbat x4  
  147  17:00  Hellbat  
  152  17:20  Hellbat  
  103  17:53  Weapon Refit  
  103  17:56  Battlecruiser x2  
  115  18:02  Starport  
  115  18:22  Hellbat x4  
  115  18:23  Hellbat  
  115  18:26  Terran Vehicle Weapons Level 2, Terran Vehicle And Ship Armor Level 1  
  125  18:29  Orbital Command  
  125  18:43  Hellbat  
  127  19:02  Planetary Fortress  
  127  19:15  SCV x4  
  131  19:19  Missile Turret, Refinery  
  131  19:22  Refinery  
  131  19:33  Starport Tech Lab  
  131  19:39  Battlecruiser x2  
  141  19:53  Starport  
  141  19:54  Starport  
  93  20:05  Hellion, Hellbat x4  
  103  20:26  Hellbat  
  103  20:27  Supply Depot  
  105  20:29  Supply Depot x2  
  105  20:33  Siege Tank x3  
  116  20:36  Hellbat  
  116  20:44  Battlecruiser  
  116  20:48  Hellion  
  124  20:50  SCV  
  124  20:53  SCV  
  128  20:57  Hellbat  
  128  21:02  SCV  
  129  21:05  SCV, Hellbat  
  132  21:14  SCV  
  132  21:17  SCV  
  134  21:23  Starport Tech Lab  
  134  21:24  Starport Tech Lab  
  134  21:26  SCV  
  134  21:28  Battlecruiser x2  
  134  21:29  SCV  
  148  21:38  SCV  
  148  21:39  Terran Vehicle And Ship Armor Level 2, Terran Ship Weapons Level 1  
  149  21:41  SCV  
  150  22:24  Battlecruiser  
  150  22:33  Battlecruiser  
  138  22:48  Battlecruiser  
  144  22:55  Hellion x10  
  138  23:08  Battlecruiser  
  142  23:41  Battlecruiser  
  130  24:01  Battlecruiser  
  136  24:22  Battlecruiser  
  136  25:42  Battlecruiser x2  
  148  26:34  Battlecruiser  
  148  26:35  Battlecruiser  
  160  27:03  Terran Vehicle And Ship Armor Level 3  
  160  27:09  Terran Vehicle Weapons Level 3  
  116  28:30  Supply Depot x3  
  116  28:32  Supply Depot x2  
  116  28:34  Supply Depot  
  110  28:36  Supply Depot  
  96  28:59  Command Center  
  96  29:09  Battlecruiser x3  
  114  29:13  Battlecruiser  
  120  29:34  Hellbat x5  
  130  29:39  Marine x2  
  132  29:55  Hellbat x4  
  132  29:56  Hellbat  
  132  29:57  Marine x2  
  144  30:15  Marine x2  
  144  30:16  Hellbat  
  144  30:17  Hellbat x4  
  156  30:33  Marine x2  
  157  30:38  Hellbat  
  159  30:46  Hellbat  
  159  30:47  Hellbat x3  
  167  30:50  Marine x2  
  169  30:59  Hellbat  
  171  31:08  Marine x2  
  173  31:26  Marine x2  
  173  31:28  Hellbat x2  
  173  31:29  Hellbat x3  
  185  31:44  Marine x2  
  187  31:50  Hellbat x5  
  197  32:02  Marine x2  
  197  32:07  Supply Depot x2  
  199  32:19  Marine  
  84  33:37  Marine x2  
  86  33:44  Terran Ship Weapons Level 2  
  86  33:55  Marine x2  
  88  34:09  Orbital Command  
  88  34:13  Marine x2  
  90  34:17  Refinery x2  
  90  34:20  Missile Turret  
  90  34:21  Missile Turret  
  90  34:22  Missile Turret  
  90  34:31  Marine x2, Terran Infantry Weapons Level 1  
  92  34:48  Marine  
  93  35:57  Battlecruiser  
  93  35:58  Battlecruiser  
  93  35:59  Battlecruiser  
  111  36:08  Terran Ship Weapons Level 3  
  111  36:47  SCV  
  112  36:59  SCV  
  113  37:11  SCV  
  104  37:33  Marine x2  
  87  37:51  Marine x2  
  83  37:52  Battlecruiser  
  83  37:53  Battlecruiser x2  
  101  38:00  Thor x2  
  113  38:08  Marine x2  
  115  38:22  Battlecruiser  
  115  38:26  Marine x2  
  123  39:09  Battlecruiser  
  129  40:18  Thor, Hellbat  
  129  40:19  Thor, Hellbat x2  
  147  40:44  Planetary Fortress  
  147  41:13  Marine x2  
  149  41:31  Marine x2  
  149  41:49  Marine x2  
  119  42:07  Marine x2  
  121  42:16  Battlecruiser  
  121  42:21  Thor  
  133  42:24  Hellbat  
  133  42:25  Hellbat  
  133  42:26  Hellbat x2  
  133  42:27  Hellbat  
  133  42:28  Marine x2  
  145  42:46  Marine x2, Hellbat  
  149  43:04  Marine x2  
  151  43:06  Thor  
  156  43:22  Marine  
  157  43:44  Marine x2  
  159  43:49  Thor  
  165  44:02  Marine x2  
  144  44:36  Hellbat x4  
  152  44:58  Hellbat x3  
  106  46:18  Battlecruiser x2  
  118  47:22  Hellbat x2  
  124  47:23  Marine, Hellbat  
  80  50:34  Orbital Command  
  27  53:07  SCV  
  28  53:32  Orbital Command  
  28  53:57  Barracks  
  28  53:58  Barracks  
  28  54:26  Factory Reactor  
  28  54:44  Refinery  
  28  54:45  SCV  
  29  54:57  SCV  
  30  55:09  SCV  
  31  55:17  Barracks Reactor  
  31  55:18  Barracks Reactor  
  31  55:21  SCV  
  32  55:33  SCV  
  37  55:42  Hellion  
  37  55:43  Hellion  
  37  55:52  SCV  
  38  56:04  SCV  
  39  57:25  Starport Reactor  
  39  57:47  SCV x2  
  41  57:59  SCV  
  42  58:22  Viking x2  
  46  58:33  Hellion  
  46  58:34  Hellion  
  50  58:48  Marine x4  
  50  58:52  Viking x2  
  50  58:55  Hellion x2  
  62  59:22  Viking x2  
  58  59:52  Viking x2  
  62  59:57  Marine x2  
  64  60:15  Marine x2  
  68  60:21  Widow Mine x2  
  68  60:22  Viking x2  
  74  60:33  Marine x2  
  76  60:51  Marine  
  76  60:52  Viking x2  
  81  60:57  Marine  
  82  61:09  Marine  
  83  61:15  Marine  
  84  61:45  Marine x3  
  87  61:49  Viking x2  
  91  62:18  Viking  
  91  62:19  Viking  
  75  62:48  Viking  
  75  62:49  Viking  
  78  63:18  Viking  
  78  63:19  Viking  
  81  63:48  Viking  
  81  63:49  Viking  
  85  64:18  Viking x2  
  89  65:42  Fusion Core  
  71  66:30  Starport  
  71  66:41  Barracks  
  71  67:14  Starport Tech Lab  
  71  67:25  Viking x2  
  71  67:26  Viking  
  65  67:55  Viking x2  
  65  67:56  Viking  
Tags
 
Add a new tag
Caveats
  • Supply blocks, unpowered buildings, or Contaminate may cause inaccurate times.
  • Supply counts are checked every 10 seconds.